Workbook

Sheet Inputs
A1: Fabrication bracket example | B1: Replace every example before quoting
A2: Sheet length in | B2: 96
A3: Sheet width in | B3: 48
A4: Blank length in | B4: 8
A5: Blank width in | B5: 6
A6: Edge margin in | B6: 0.5
A7: Gap in | B7: 0.125
A8: Sheet delivered $ | B8: 180
A9: Cut length in/part | B9: 32
A10: Pierces/part | B10: 5
A11: Thickness in | B11: 0.063
A12: Material factor | B12: 1
A13: Bends/part | B13: 4
... A23: Weld consumables $/part | B23: 0
A24: Parts/sheet original | B24: ==MAX(0,INT((B2-2*B6+B7)/(B4+B7)))*MAX(0,INT((B3-2*B6+B7)/(B5+B7)))
A25: Parts/sheet rotated | B25: ==MAX(0,INT((B2-2*B6+B7)/(B5+B7)))*MAX(0,INT((B3-2*B6+B7)/(B4+B7)))
A26: Chosen parts/sheet | B26: ==MAX(B24,B25)
A27: Laser min/part | B27: ==B9/(137.8*B12/MAX(1,B11*12.7))+B10*0.03+0.3
A28: Setup cost/lot | B28: ==B16*B14/60+(20+B13*3)*B15/60
A29: Excludes deburr, special inspection, packaging, freight and tax; add where required.

Sheet Quantity breaks
A1: Quantity | B1: Sheets | C1: Material $ | D1: Setup $ | E1: Laser $ | F1: Brake $ | G1: Hardware/weld $ | H1: Finish $ | I1: Cost $ | J1: Price/part $
A2: 25 | B2: ==ROUNDUP(A2/Inputs!B26,0) | C2: ==B2*Inputs!B8 | D2: ==Inputs!B28 | E2: ==A2*Inputs!B27*Inputs!B14/60 | F2: ==A2*Inputs!B13*0.2*Inputs!B15/60 | G2: ==A2*(Inputs!B17+Inputs!B21*Inputs!B22/60+Inputs!B23) | H2: ==Inputs!B18+A2*Inputs!B19 | I2: ==SUM(C2:H2) | J2: ==I2*(1+Inputs!B20/100)/A2
A3: 50 | B3: ==ROUNDUP(A3/Inputs!B26,0) | C3: ==B3*Inputs!B8 | D3: ==Inputs!B28 | E3: ==A3*Inputs!B27*Inputs!B14/60 | F3: ==A3*Inputs!B13*0.2*Inputs!B15/60 | G3: ==A3*(Inputs!B17+Inputs!B21*Inputs!B22/60+Inputs!B23) | H3: ==Inputs!B18+A3*Inputs!B19 | I3: ==SUM(C3:H3) | J3: ==I3*(1+Inputs!B20/100)/A3
A4: 100 | B4: ==ROUNDUP(A4/Inputs!B26,0) | C4: ==B4*Inputs!B8 | D4: ==Inputs!B28 | E4: ==A4*Inputs!B27*Inputs!B14/60 | F4: ==A4*Inputs!B13*0.2*Inputs!B15/60 | G4: ==A4*(Inputs!B17+Inputs!B21*Inputs!B22/60+Inputs!B23) | H4: ==Inputs!B18+A4*Inputs!B19 | I4: ==SUM(C4:H4) | J4: ==I4*(1+Inputs!B20/100)/A4
